[Event "WYCC 2018 G16"]
[Site "Halkidiki"]
[Date "2018.10.21"]
[Round "2"]
[White "Miroshnik, Ekaterina"]
[Black "Makhija, Aashna"]
[Result "1/2-1/2"]
[ECO "D37"]
[WhiteElo "2023"]
[BlackElo "2197"]
[Annotator "NA"]
[PlyCount "77"]
[EventDate "2018.10.20"]
[EventType "swiss"]
[EventCountry "GRE"]
[SourceTitle "playchess.com"]
[Source "ChessBase"]
[SourceQuality "1"]
[TimeControl "40/5400+30:1800+30"]

1. d4 Nf6 2. c4 e6 3. Nc3 d5 4. Nf3 Be7 5. e3 O-O 6. Bd3 b6 7. cxd5 exd5 8. O-O Bb7 9. b3 Nbd7 10. Bb2 c5 11. Ne2 {[%emt 0:00:39] LiveBook: 5 Games} Rc8 12. Rc1 Ne4 13. Ne5 Bd6 14. f3 Nef6 $11 15. Ng3 cxd4 16. exd4 g6 17. Qd2 Rxc1 18. Rxc1 Nb8 19. Qh6 Ba6 20. Bb1 Qe7 21. Kh1 Rc8 22. Rxc8+ Bxc8 23. Qc1 Ba6 24. Bd3 Bxd3 25. Nxd3 Qc7 26. Qxc7 Bxc7 27. Nf1 Nc6 28. Ne3 Bd6 29. g4 h6 30. Kg2 Ne7 31. Nc2 h5 32. h3 hxg4 33. hxg4 Ne8 34. Ba3 Bxa3 35. Nxa3 Nc6 36. Nc2 Nc7 37. Nf4 Kf8 38. Kf2 Ke7 39. Ke3 1/2-1/2

[Event "WYCC 2018 G16"]
[Site "Halkidiki"]
[Date "2018.10.21"]
[Round "2"]
[White "Nestorovic, Katarina"]
[Black "Yurasova, Daria"]
[Result "1/2-1/2"]
[ECO "B12"]
[WhiteElo "2015"]
[BlackElo "2193"]
[Annotator "NA"]
[PlyCount "142"]
[EventDate "2018.10.20"]
[EventType "swiss"]
[EventCountry "GRE"]
[SourceTitle "playchess.com"]
[Source "ChessBase"]
[SourceQuality "1"]
[TimeControl "40/5400+30:1800+30"]

1. e4 c6 2. d4 d5 3. f3 g6 4. Nc3 Bg7 5. Be3 Qb6 6. Qd2 Qxb2 7. Rb1 Qa3 8. exd5 {[%emt 0:02:51] B15: Caro-Kann: 3 Nc3: 3...g6 and 3...dxe4 4 Nxe4 Nf6 5 Nxf6+ exf6} Nf6 9. dxc6 bxc6 10. Rb3 (10. Bd3 O-O 11. Nge2 Nbd7 12. O-O Ba6 13. Rb3 Qa5 14. Ne4 Qxd2 15. Bxd2 Bxd3 16. cxd3 {½-½ (27) Najer,E (2706)-Rozum,I (2573) Sochi 2017}) 10... Qa5 11. Bc4 O-O 12. Nge2 Nbd7 13. O-O Nb6 14. Bd3 Be6 15. Rb2 Nc4 16. Bxc4 Bxc4 17. Rfb1 $146 Rfd8 18. Rb4 Bxe2 19. Qxe2 Ne8 20. R1b3 Nd6 21. Bf2 Qc7 22. Na4 Nb5 23. c3 Bf8 24. Rc4 Nd6 25. Rc5 Nb7 26. Bg3 Qd7 27. Re5 Nd6 28. Qa6 Bg7 29. Nc5 Qe8 30. Re1 Nf5 31. Bf2 Bh6 32. g4 Nd6 33. Bh4 g5 34. Bg3 Bg7 35. Nb7 Nxb7 36. Rxb7 e6 37. Rc7 Rdc8 38. Rxc8 Qxc8 39. Qxc8+ Rxc8 40. Bd6 Bf8 41. Bxf8 Kxf8 42. Re5 h6 43. Ra5 Rc7 44. Kf2 Ke7 45. Ke3 Rb7 46. a4 Kd6 47. f4 f6 {[%emt 0:05:55] [#]} 48. h4 $1 gxh4 49. Rh5 Rb3 50. Kd3 Ra3 (50... Rb1 $11) 51. Rxh4 Rxa4 52. Rxh6 Ke7 53. Rh7+ Ke8 54. g5 (54. Rc7 $142) 54... fxg5 55. fxg5 Ra5 56. g6 Rg5 57. Rxa7 Rxg6 58. Rc7 Kd8 59. Rxc6 Kd7 60. Ra6 Rg4 61. c4 Rg3+ 62. Ke4 Rg4+ 63. Ke5 Rg5+ 64. Kf4 Rg1 65. c5 Re1 66. Rd6+ Ke7 67. d5 exd5 68. Rxd5 Ke6 69. Rd6+ Ke7 {[%emt 0:00:03] [#]} 70. Kf5 $1 Re2 $18 (70... Rc1 $16 {is more resistant.} 71. Rd5 Rb1) 71. Rd5 Re1 {[%emt 0:00:21] Ke4} 1/2-1/2

[Event "WYCC 2018 G16"]
[Site "Halkidiki"]
[Date "2018.10.21"]
[Round "2"]
[White "Duson, Robin"]
[Black "Hilario, Aleyla"]
[Result "0-1"]
[ECO "D17"]
[WhiteElo "1999"]
[BlackElo "2175"]
[Annotator "NA"]
[PlyCount "84"]
[EventDate "2018.10.20"]
[EventType "swiss"]
[EventCountry "GRE"]
[SourceTitle "playchess.com"]
[Source "ChessBase"]
[SourceQuality "1"]
[TimeControl "40/5400+30:1800+30"]

1. d4 d5 2. c4 c6 3. Nc3 Nf6 4. Nf3 dxc4 5. a4 Bf5 6. Nh4 Bg4 7. h3 Bh5 8. g4 Bg6 $1 9. e3 {[%emt 0:03:02] LiveBook: 3 Games} e6 10. Bxc4 Bb4 11. Nxg6 hxg6 12. Bd2 Nbd7 13. Qe2 Qe7 14. O-O-O Nb6 15. Bb3 $11 O-O-O 16. Bc2 Nfd5 17. Nxd5 exd5 18. Bxb4 Qxb4 19. Qd2 Qe7 20. Qe2 Rh4 21. a5 Nc4 22. a6 b6 23. Bd3 Qb4 24. Bxc4 Qxc4+ 25. Qxc4 dxc4 26. Kc2 Kc7 27. Kc3 b5 28. e4 Rdh8 29. d5 Rxh3+ 30. Rxh3 Rxh3+ 31. Kd4 cxd5 32. Kc5 dxe4 33. Rd4 f5 34. Rd5 fxg4 35. Kb4 Rh5 36. Rd1 g3 37. fxg3 e3 38. Re1 Re5 39. Kc3 e2 40. Kd4 Kd6 41. g4 g5 42. Kc3 Kc5 {[%emt 0:00:06] Kd4+} 0-1

[Event "WYCC 2018 G16"]
[Site "Halkidiki"]
[Date "2018.10.21"]
[Round "2"]
[White "Zhang, Xiao"]
[Black "Serikbay, Assel"]
[Result "1-0"]
[ECO "D15"]
[WhiteElo "1980"]
[BlackElo "2166"]
[Annotator "NA"]
[PlyCount "61"]
[EventDate "2018.10.20"]
[EventType "swiss"]
[EventCountry "GRE"]
[SourceTitle "playchess.com"]
[Source "ChessBase"]
[SourceQuality "1"]
[TimeControl "40/5400+30:1800+30"]

1. d4 d5 2. c4 c6 3. Nf3 Nf6 4. Nc3 a6 {[%emt 0:00:00] LiveBook: 8528 Games} 5. c5 Nbd7 6. Bf4 Nh5 7. Bd2 g6 8. e4 {[%emt 0:00:31] D15: Slav Defence: 4 Nc3 a6 and gambit lines after 4 Nc3 dxc4} dxe4 9. Nxe4 Bg7 10. Bc4 O-O 11. O-O Ndf6 12. Nxf6+ Bxf6 13. Bh6 Bg7 14. Bxg7 Nxg7 15. Qb3 {[%emt 0:01:58] [#]} Qc7 $146 ({Predecessor:} 15... Be6 $11 {keeps the balance.} 16. Bxe6 Nxe6 17. Qxb7 Nxd4 18. Nxd4 Qxd4 19. Qxe7 Qxb2 {½-½ (40) Moranda,W (2452)-Jakovenko,D (2608) Warsaw 2005}) 16. Ng5 e6 17. Rad1 Rb8 18. Rfe1 $16 b5 19. Bf1 a5 20. Ne4 Nf5 21. g4 Ne7 22. Nd6 Nd5 23. Bg2 Qd8 24. Qg3 Bd7 25. Bxd5 exd5 26. Re5 f6 27. Re3 f5 28. gxf5 Bxf5 29. Rde1 Ra8 30. Re7 Be4 31. Qe5 1-0

[Event "WYCC 2018 G16"]
[Site "Halkidiki"]
[Date "2018.10.21"]
[Round "2"]
[White "Sanskriti Goyal"]
[Black "Peycheva, Gergana"]
[Result "0-1"]
[ECO "A01"]
[WhiteElo "1971"]
[BlackElo "2152"]
[Annotator "NA"]
[PlyCount "88"]
[EventDate "2018.10.20"]
[EventType "swiss"]
[EventCountry "GRE"]
[SourceTitle "playchess.com"]
[Source "ChessBase"]
[SourceQuality "1"]
[TimeControl "40/5400+30:1800+30"]

1. b3 e5 2. Bb2 Nc6 3. c4 d6 4. g3 g6 5. Bg2 {[%emt 0:01:46] A01: Nimzowitsch-Larsen Opening} Bg7 {[%emt 0:01:06] LiveBook: 72 Games} 6. Nf3 (6. Nc3 Nf6 7. d3 O-O 8. e3 Be6 9. Nd5 a5 10. Ne2 Rb8 11. Nec3 Ne7 12. Nxf6+ Bxf6 13. O-O Bg7 14. Qd2 c6 15. Ne2 Qd7 16. Rfd1 Ra8 17. d4 Rfd8 18. dxe5 dxe5 19. Qxd7 Rxd7 20. Rxd7 Bxd7 {½-½ (20) Mchedlishvili,M (2632)-Aleksandrov,A (2554) Dubai 2014}) 6... f5 7. d3 Nf6 8. O-O O-O 9. a3 Qe8 $146 ({Predecessor:} 9... a5 10. Nc3 h6 11. Qc2 Bd7 12. Nd5 Nxd5 13. cxd5 Ne7 14. e4 c6 15. dxc6 Bxc6 16. Nh4 {0-1 (36) Gallo,J (2230)-Lutz,K (2345) Hessen 1997}) 10. e3 h6 11. Nc3 Nd8 12. b4 a6 13. a4 Be6 14. Nd2 Qf7 15. Rc1 Rb8 16. Nd5 Ne8 17. f4 c6 18. Nb6 Qc7 19. a5 Nf7 20. b5 Nf6 21. bxa6 bxa6 22. Qf3 Nd7 23. Nxd7 Bxd7 24. Bc3 Nd8 25. fxe5 dxe5 26. Qd1 Ne6 27. Nb3 Qd6 28. d4 e4 29. Rb1 Rb7 30. g4 Ng5 31. Nc5 Rxb1 32. Qxb1 Be6 33. Nxe6 Qxe6 34. gxf5 Qxc4 35. Ba1 Rxf5 36. Rxf5 gxf5 37. Bf1 Nf3+ 38. Kh1 Qf7 39. Bxa6 Qh5 40. Qb8+ Kh7 41. Qb2 $2 {[%emt 0:13:15] [#]} (41. Bc4 $18 Bf8 42. Qc7+ Bg7 43. d5) 41... Qg5 (41... f4 $1 $17 42. Qc2 (42. exf4 Qxa5) 42... Kh8) 42. Qf2 f4 43. exf4 Qxa5 $19 44. Qf1 Nd2 0-1

[Event "WYCC 2018 G16"]
[Site "Halkidiki"]
[Date "2018.10.21"]
[Round "2"]
[White "Ros Alonso, Joana"]
[Black "Cervantes Landeiro, Thalia"]
[Result "1/2-1/2"]
[ECO "C25"]
[WhiteElo "1952"]
[BlackElo "2129"]
[Annotator "NA"]
[PlyCount "117"]
[EventDate "2018.10.20"]
[EventType "swiss"]
[EventCountry "GRE"]
[SourceTitle "playchess.com"]
[Source "ChessBase"]
[SourceQuality "1"]
[TimeControl "40/5400+30:1800+30"]

1. e4 e5 2. Nc3 Nc6 3. g3 Nf6 4. Bg2 Bc5 5. Nge2 d6 6. Na4 Bb6 7. Nxb6 {[%emt 0:00:10] C26: Vienna Game: 2...Nf6, sidelines} axb6 8. d4 exd4 9. Nxd4 O-O 10. O-O Bd7 11. Re1 Re8 12. b3 Ng4 $146 ({Predecessor:} 12... d5 13. Nxc6 Bxc6 14. e5 Nd7 15. Bb2 Nc5 16. a4 Qd7 17. Qd2 {½-½ (56) Gdanski,J (2530)-Macieja,B (2553) Polanica Zdroj 1999}) 13. Bb2 Qf6 14. Qd2 Qg6 15. c4 Nxd4 16. Qxd4 Qh6 17. h3 Nf6 18. g4 Qg5 19. a4 Rad8 20. Qe3 Qxe3 21. Rxe3 Bc6 22. Bxf6 gxf6 23. Rae1 Re7 24. f4 Rde8 25. Kf2 Kg7 26. h4 Bd7 27. g5 fxg5 28. hxg5 Bc6 29. Kf3 Rh8 30. Bh3 h6 31. Rg1 hxg5 32. Rxg5+ Kf8 33. Bf5 Rg8 34. Rxg8+ Kxg8 35. Re2 Bd7 36. Rg2+ Kf8 37. Bxd7 Rxd7 38. Kg4 Ke7 39. Kf5 Rd8 40. Rg7 Rh8 41. e5 dxe5 42. fxe5 Rh5+ 43. Kf4 Rh4+ 44. Rg4 Rh8 45. Rg3 Ke6 $1 46. Rg5 {[%emt 0:14:01] [#]} Rh3 (46... Rh4+ $1 $17 47. Kg3 Rd4) 47. Rg8 $1 Rxb3 48. Re8+ $2 (48. Rc8 $11) 48... Kd7 49. Rf8 Ke7 50. Rc8 c5 51. Rb8 Rb4 52. Kf5 Rxc4 53. Rxb7+ Kf8 54. Rxb6 Rxa4 55. Rc6 Rc4 56. Kf6 Rf4+ $2 (56... Ke8 $11) 57. Kg5 Rf1 58. Rxc5 Ke7 59. Rc6 $11 1/2-1/2

[Event "WYCC 2018 G16"]
[Site "Halkidiki"]
[Date "2018.10.21"]
[Round "2"]
[White "De Silva, Tenara"]
[Black "Schulze, Lara"]
[Result "0-1"]
[ECO "A21"]
[WhiteElo "1927"]
[BlackElo "2122"]
[Annotator "NA"]
[PlyCount "54"]
[EventDate "2018.10.20"]
[EventType "swiss"]
[EventCountry "GRE"]
[SourceTitle "playchess.com"]
[Source "ChessBase"]
[SourceQuality "1"]
[TimeControl "40/5400+30:1800+30"]

1. c4 e5 2. Nc3 Bb4 3. g3 Bxc3 4. bxc3 Nc6 5. Bg2 d6 6. d4 Nge7 7. Ba3 O-O 8. Nf3 f6 9. O-O Kh8 10. Qc2 Bg4 11. Rfd1 Qe8 12. d5 $11 Na5 13. c5 Nc4 14. Qb3 Nxa3 15. Qxa3 Qd7 16. c4 b6 17. cxd6 cxd6 18. Qb4 Nf5 19. c5 Nd4 20. c6 Nxe2+ 21. Kf1 Qc8 22. Qxd6 Qa6 23. Ke1 Bxf3 24. Bxf3 Nd4 25. Rxd4 exd4 26. Qb4 Qd3 27. Qd2 Qxf3 0-1

[Event "WYCC 2018 G16"]
[Site "Halkidiki"]
[Date "2018.10.21"]
[Round "2"]
[White "Shanya Mishra"]
[Black "Bulatova, Kamaliya"]
[Result "1-0"]
[ECO "E04"]
[WhiteElo "1924"]
[BlackElo "2108"]
[Annotator "NA"]
[PlyCount "88"]
[EventDate "2018.10.20"]
[EventType "swiss"]
[EventCountry "GRE"]
[SourceTitle "playchess.com"]
[Source "ChessBase"]
[SourceQuality "1"]
[TimeControl "40/5400+30:1800+30"]

1. d4 Nf6 2. c4 e6 3. Nf3 d5 4. g3 dxc4 5. Bg2 Bb4+ 6. Bd2 c5 {[%emt 0:00:00] E04: Open Catalan: 5 Nf3} (6... a5 7. a3 Bd6 8. Qa4+ Nc6 9. O-O O-O 10. Qxc4 e5 11. dxe5 Nxe5 12. Nxe5 Bxe5 13. Qc2 c6 14. Bc3 Qe7 {½-½ (77) Fedoseev,V (2707)-Shankland,S (2727) Danzhou 2018}) 7. Bxb4 cxb4 8. Ne5 O-O 9. a3 Nd5 10. axb4 $146 ({Predecessor:} 10. Nxc4 b5 11. Ne3 Bb7 12. Nxd5 Bxd5 13. e4 Bb7 14. O-O bxa3 15. Nxa3 {½-½ (42) Ingersol,H (2409)-Zakharov,V (2509) ICCF email 2016}) 10... Nxb4 11. Nxc4 N8c6 12. e3 b5 13. Na5 Qb6 14. O-O Rd8 15. Qe2 ({Better is} 15. Qb3 $16) 15... Rb8 16. Nxc6 Nxc6 17. Rc1 Bb7 18. Rc5 a6 19. Nd2 e5 20. Bxc6 Bxc6 21. Rxe5 Bd5 22. Rc1 f6 23. Re7 Rb7 24. Rxb7 Bxb7 25. Rc5 Qe6 26. Qd3 Qg4 27. Qf1 Qe6 28. Qd3 Qg4 29. Qf1 Qe6 30. h3 Rd5 31. Rxd5 Qxd5 32. f3 f5 33. Qd3 Qe6 34. Kh2 b4 35. e4 a5 36. d5 fxe4 37. fxe4 Qf6 38. Kg2 Ba6 39. Qc2 Qd4 40. Nf3 Qe3 $18 (40... Qd3 $1 $15 41. Qxd3 Bxd3) 41. d6 Bf1+ 42. Kh2 Ba6 43. d7 Qb6 44. Qc8+ Kf7 1-0

[Event "WYCC 2018 G16"]
[Site "Halkidiki"]
[Date "2018.10.21"]
[Round "2"]
[White "Esadze, Tamari"]
[Black "Langvik, Ulrikke"]
[Result "1-0"]
[ECO "C08"]
[WhiteElo "1911"]
[BlackElo "1715"]
[Annotator "NA"]
[PlyCount "91"]
[EventDate "2018.10.20"]
[EventType "swiss"]
[EventCountry "GRE"]
[SourceTitle "playchess.com"]
[Source "ChessBase"]
[SourceQuality "1"]
[TimeControl "40/5400+30:1800+30"]

1. e4 e6 2. d4 d5 3. Nd2 c5 4. exd5 exd5 5. Ngf3 {[%emt 0:00:01] LiveBook: 2053 Games} Nf6 6. Bb5+ Bd7 7. Bxd7+ Nbxd7 8. O-O Be7 9. dxc5 Nxc5 10. Nb3 Nce4 11. Nfd4 Qd7 12. f3 Nd6 13. Nc5 {[%emt 0:02:38] C08: French Tarrasch: 3...c5 4 exd5 exd5 sidelines} Qc7 14. Nd3 O-O 15. c3 (15. Be3 Rfe8 16. Bf2 a6 17. Re1 g6 18. Qd2 Rac8 19. Re2 Nc4 20. Qf4 Qxf4 21. Nxf4 Nxb2 22. Rxe7 Rxe7 {1-0 (72) Antal,G (2522)-Short,N (2681) Caleta 2018}) 15... Rfe8 16. Bf4 Nh5 17. Re1 Bf6 $146 ({Predecessor:} 17... Qd7 18. Bc1 Rac8 19. g4 Nf6 20. g5 Nh5 21. f4 g6 22. Ne5 Qh3 23. Re3 {½-½ (23) Daurelle,H (2337)-Anda,H (2222) IECG email 2006}) 18. Qa4 Qc4 19. Qxc4 Nxc4 20. b3 Nb2 21. Nxb2 Nxf4 22. Kf1 Ne6 23. Rad1 Rac8 24. Na4 Kf8 25. Nb5 Red8 26. Nxa7 Ra8 27. Nb5 Ra5 28. Nd4 b5 29. Nxe6+ fxe6 30. Nc5 Re8 31. Nxe6+ Kf7 32. Nd4 Rxe1+ 33. Rxe1 b4 34. Nc6 Rc5 35. Nxb4 Bxc3 36. Nd3 Ra5 37. Rc1 d4 38. Rc2 Kf6 39. Nf2 Kf5 40. Ne4 Ba1 41. Ke2 Ra6 42. Kd3 Kf4 43. Nc5 Rh6 44. h3 Bc3 $18 45. Na4 Bb4 46. Rc4 {[%emt 0:00:19] Ke4+ Kxe4} 1-0

[Event "WYCC 2018 G16"]
[Site "Halkidiki"]
[Date "2018.10.21"]
[Round "2"]
[White "Xing, Ashley"]
[Black "Ge, Eva"]
[Result "0-1"]
[ECO "D06"]
[WhiteElo "1889"]
[BlackElo "1701"]
[Annotator "NA"]
[PlyCount "66"]
[EventDate "2018.10.20"]
[EventType "swiss"]
[EventCountry "GRE"]
[SourceTitle "playchess.com"]
[Source "ChessBase"]
[SourceQuality "1"]
[TimeControl "40/5400+30:1800+30"]

1. d4 d5 2. c4 c5 3. e3 e6 4. Nf3 Nc6 5. Nc3 Nf6 6. Be2 dxc4 7. Bxc4 cxd4 8. exd4 Bb4 9. a3 Bxc3+ 10. bxc3 Nd5 11. Bd2 O-O 12. O-O b6 13. Re1 Bb7 $14 14. Qc2 Rc8 15. Ng5 Nf6 16. Qa2 Na5 17. Bd3 Bd5 18. Qc2 h6 19. Ne4 Nb3 20. Rab1 Nxd4 21. Nxf6+ Qxf6 22. Qa4 Nf3+ 23. gxf3 Qxf3 24. Be4 Qg4+ 25. Kh1 Rc4 26. Qxc4 Bxc4 27. f3 Qh5 28. Rg1 Kh8 29. Be3 Be2 30. Rg3 f5 31. Bd4 fxe4 32. Rxg7 Qxf3+ 33. Kg1 Rg8 0-1

[Event "WYCC 2018 G16"]
[Site "Halkidiki"]
[Date "2018.10.21"]
[Round "2"]
[White "Skaslien, Ingrid"]
[Black "Servin-Demarrais, Helena"]
[Result "1/2-1/2"]
[ECO "E98"]
[WhiteElo "1885"]
[BlackElo "1540"]
[Annotator "NA"]
[PlyCount "67"]
[EventDate "2018.10.20"]
[EventType "swiss"]
[EventCountry "GRE"]
[SourceTitle "playchess.com"]
[Source "ChessBase"]
[SourceQuality "1"]
[TimeControl "40/5400+30:1800+30"]

1. d4 Nf6 2. c4 g6 3. Nc3 Bg7 4. e4 d6 5. Be2 O-O 6. Nf3 e5 7. O-O Nc6 8. d5 Ne7 9. Ne1 Nd7 10. Nd3 f5 11. f3 f4 12. b4 {[%emt 0:03:19] LiveBook: 16 Games} a6 13. c5 g5 14. a4 h5 15. Ba3 Nf6 $16 16. h3 Bd7 17. b5 axb5 18. cxd6 cxd6 19. Bxd6 bxa4 20. Bxe7 Qxe7 21. Nxa4 g4 22. Nac5 gxh3 23. Qb3 Kh8 24. Qxb7 Rxa1 25. Rxa1 hxg2 26. Ra7 Rf7 27. Qb8+ Bf8 28. d6 Qxd6 29. Qxd6 Bxd6 30. Nxd7 Rxd7 31. Rxd7 Nxd7 32. Kxg2 Kg7 33. Kh3 Kg6 34. Bd1 1/2-1/2

[Event "WYCC 2018 G16"]
[Site "Halkidiki"]
[Date "2018.10.21"]
[Round "2"]
[White "Tejasvi M"]
[Black "Bania, Eleni"]
[Result "1-0"]
[ECO "C54"]
[WhiteElo "1869"]
[BlackElo "1454"]
[Annotator "NA"]
[PlyCount "55"]
[EventDate "2018.10.20"]
[EventType "swiss"]
[EventCountry "GRE"]
[SourceTitle "playchess.com"]
[Source "ChessBase"]
[SourceQuality "1"]
[TimeControl "40/5400+30:1800+30"]

1. e4 e5 2. Nf3 Nc6 3. Bc4 Bc5 4. c3 Nf6 5. d3 a6 6. a4 d6 7. Bb3 Ba7 8. Nbd2 O-O 9. O-O Re8 10. Re1 Be6 11. Bxe6 Rxe6 12. Nf1 h6 13. Ng3 Ne7 14. Nh4 Nh7 15. Nhf5 Nxf5 16. Nxf5 Rg6 17. h4 Re6 18. b3 Qf6 19. Ra2 Rd8 20. Qf3 c6 21. c4 Nf8 22. g4 Nh7 23. Kg2 Kh8 24. Rh1 Kg8 25. g5 hxg5 26. hxg5 Qg6 27. Nh4 Nxg5 28. Nxg6 1-0

[Event "WYCC 2018 G16"]
[Site "Halkidiki"]
[Date "2018.10.21"]
[Round "2"]
[White "Hovhannisyan, Mane"]
[Black "Salonika, Saina"]
[Result "0-1"]
[ECO "E92"]
[WhiteElo "1730"]
[BlackElo "2093"]
[Annotator "NA"]
[PlyCount "90"]
[EventDate "2018.10.20"]
[EventType "swiss"]
[EventCountry "GRE"]
[SourceTitle "playchess.com"]
[Source "ChessBase"]
[SourceQuality "1"]
[TimeControl "40/5400+30:1800+30"]

1. d4 Nf6 2. Nf3 g6 3. c4 Bg7 4. Nc3 O-O 5. e4 d6 6. Be2 e5 {[%emt 0:00:04] LiveBook: 30202 Games} 7. Be3 Nc6 8. O-O Bg4 9. dxe5 dxe5 10. c5 $11 Qc8 11. a3 Rd8 12. Qb3 Nd4 13. Bxd4 exd4 14. Nd5 Nxd5 15. exd5 Qd7 16. Bc4 Qe7 17. Rac1 Bxf3 18. Qxf3 Qxc5 19. d6 Qxd6 20. Bxf7+ Kh8 21. Qxb7 c5 22. Qb5 Rab8 23. Qxc5 Qxc5 24. Rxc5 Rxb2 25. Rd1 d3 26. Rd5 Rxd5 27. Bxd5 Bd4 28. Kf1 Rxf2+ 29. Ke1 Rf5 30. Bf3 Bc3+ 31. Kf2 d2 32. Ke3 Ra5 33. Kd3 Rxa3 34. Kc2 Bb4 35. h3 a5 36. Bd5 Re3 37. Bf3 Kg7 38. Rb1 Re1 39. Rd1 Kf6 40. Kd3 Ke5 41. g3 Kd6 42. h4 Kc5 43. g4 a4 44. Kc2 a3 45. Kb3 Re3+ 0-1

[Event "WYCC 2018 G16"]
[Site "Halkidiki"]
[Date "2018.10.21"]
[Round "2"]
[White "Hewawasam, H Y Nevanjee Dimany"]
[Black "Kobald, Jacqueline"]
[Result "1-0"]
[ECO "B48"]
[WhiteElo "1686"]
[BlackElo "1911"]
[Annotator "NA"]
[PlyCount "47"]
[EventDate "2018.10.20"]
[EventType "swiss"]
[EventCountry "GRE"]
[SourceTitle "playchess.com"]
[Source "ChessBase"]
[SourceQuality "1"]
[TimeControl "40/5400+30:1800+30"]

1. e4 c5 2. Nf3 e6 3. d4 cxd4 4. Nxd4 Nc6 5. Nc3 Qc7 {[%emt 0:00:00] LiveBook: 18115 Games} 6. Be3 a6 7. Qf3 Ne5 8. Qg3 h5 9. h3 h4 10. Qh2 d6 11. O-O-O b5 12. a3 Rb8 $11 13. f4 Nc4 14. Bxc4 bxc4 15. Kb1 Rh5 16. f5 Qb7 17. Bc1 Be7 18. Rhe1 Bg5 19. Qxd6 Ne7 20. Ndb5 Bd7 21. Nc7+ Kf8 22. Qxd7 Kg8 23. Na4 Nd5 24. Nxd5 1-0

[Event "WYCC 2018 G16"]
[Site "Halkidiki"]
[Date "2018.10.21"]
[Round "2"]
[White "Simkunaite, Gabija"]
[Black "Sosa Suarez, Carla Cristina"]
[Result "1/2-1/2"]
[ECO "C45"]
[WhiteElo "1650"]
[BlackElo "2025"]
[Annotator "NA"]
[PlyCount "60"]
[EventDate "2018.10.20"]
[EventType "swiss"]
[EventCountry "GRE"]
[SourceTitle "playchess.com"]
[Source "ChessBase"]
[SourceQuality "1"]
[TimeControl "40/5400+30:1800+30"]

1. e4 e5 2. Nf3 Nc6 3. d4 exd4 4. Nxd4 Nf6 5. Nxc6 bxc6 6. e5 Qe7 7. Qe2 Nd5 8. c4 Ba6 9. b3 g6 10. f4 Bg7 {[%emt 0:04:59] LiveBook: 63 Games} (10... d6 $11) 11. Qe4 Nb6 (11... f5 $17 12. Qd4 Nb4) 12. Nd2 O-O 13. Be2 f6 14. Bb2 fxe5 15. fxe5 d5 16. Qe3 dxc4 17. bxc4 Rae8 18. Nf3 Nd7 $17 ({Not} 18... Bxc4 19. O-O $15) (18... Nxc4 $19 19. Qb3 {[#]} Rxf3 $1 20. Bxc4+ Kh8 21. Qxf3 (21. gxf3 $2 {too greedy.} Qh4+ 22. Kd2 Bxc4 $19) 21... Qh4+ 22. Kd1 Rd8+ 23. Kc2 Qxc4+ 24. Bc3 Rd3 25. Qxd3 Qxd3+ 26. Kb3 Bc4+ 27. Kb2 Qe2+ 28. Ka3 Bf8+ 29. Bb4 Qd3+ 30. Kb2 Bxb4 31. Rad1 Ba3+ 32. Ka1 Qc3+ 33. Kb1 Qb2#) 19. O-O Nxe5 20. Nxe5 Rxf1+ 21. Rxf1 Bxe5 22. Bxe5 Qxe5 23. Qxa7 Qe3+ 24. Qxe3 Rxe3 25. Bf3 Bxc4 26. Rc1 Bxa2 27. Rxc6 Re7 28. Kf2 Kf7 29. Kg3 Be6 30. Kh4 Kg7 1/2-1/2

[Event "WYCC 2018 G16"]
[Site "Halkidiki"]
[Date "2018.10.21"]
[Round "2"]
[White "Ortega Beltran, Ximena"]
[Black "Aubert, Estee"]
[Result "1-0"]
[ECO "A25"]
[WhiteElo "1628"]
[BlackElo "2064"]
[Annotator "NA"]
[PlyCount "55"]
[EventDate "2018.10.20"]
[EventType "swiss"]
[EventCountry "GRE"]
[SourceTitle "playchess.com"]
[Source "ChessBase"]
[SourceQuality "1"]
[TimeControl "40/5400+30:1800+30"]

1. c4 e5 2. g3 Nc6 3. Bg2 g6 4. Nc3 Bg7 5. Nf3 d6 6. Rb1 Be6 7. d3 Nf6 8. O-O O-O 9. b4 {[%emt 0:01:09] A26: English Opening vs King's Indian with ...Nc6 and d3} Qc8 (9... h6 10. b5 Ne7 11. a4 Qd7 12. Ba3 Rfe8 13. Nd2 Rab8 14. a5 b6 15. Nde4 Nh7 16. axb6 axb6 17. Bb2 f5 18. Nd2 Nf6 19. Ra1 d5 20. cxd5 Nexd5 21. Nxd5 Bxd5 22. Bxd5+ Qxd5 {1-0 (74) Nepomniachtchi,I (2705)-Nakamura,H (2816) Baku 2015}) 10. b5 Nd8 11. Re1 h6 $146 ({Predecessor:} 11... c6 12. bxc6 Nxc6 13. Qb3 Rb8 14. Nd5 b5 15. Bg5 Bxd5 16. cxd5 Ne7 {½-½ (27) Miklas,M (2122)-Balazs,A (2046) Slovakia 2015}) 12. a4 Bh3 13. Bh1 Ng4 14. d4 Ne6 15. dxe5 dxe5 16. Nd5 Kh7 17. Bb2 f5 18. Qc2 Qe8 (18... c6 $15 19. Ne3 Nxe3 20. fxe3 Qc7) 19. e3 Qf7 20. Nh4 g5 21. Nxf5 Nxf2 $18 (21... Qxf5 $142 22. Be4 Nxf2 23. Bxf5+ Bxf5) 22. Nxg7+ Kg8 23. Nxe6 Bxe6 24. Ne7+ Qxe7 25. Qg6+ Qg7 26. Qxe6+ Qf7 27. Qxf7+ Rxf7 28. Bd5 1-0

[Event "WYCC 2018 G16"]
[Site "Halkidiki"]
[Date "2018.10.21"]
[Round "2"]
[White "Cohen, Yael"]
[Black "Gombocz, Zsofia"]
[Result "0-1"]
[ECO "C29"]
[WhiteElo "1602"]
[BlackElo "2038"]
[Annotator "NA"]
[PlyCount "62"]
[EventDate "2018.10.20"]
[EventType "swiss"]
[EventCountry "GRE"]
[SourceTitle "playchess.com"]
[Source "ChessBase"]
[SourceQuality "1"]
[TimeControl "40/5400+30:1800+30"]

1. e4 e5 2. Nc3 Nf6 3. f4 d5 4. fxe5 Nxe4 5. Nf3 Bg4 6. Qe2 Nc5 7. d4 Bxf3 8. Qxf3 Qh4+ 9. Qf2 Qxf2+ 10. Kxf2 Ne6 11. Be3 c6 12. Bd3 g6 13. Raf1 Bg7 14. Ke2 Nd7 15. Nd1 f6 16. exf6 Nxf6 17. c3 O-O 18. Nf2 $11 Kh8 19. h4 Nh5 20. g4 Ng3+ 21. Kd2 Nxf1+ 22. Rxf1 Nf4 23. Bc2 Ng2 24. Bg5 h6 25. Be7 Rf7 26. Bd6 Nxh4 27. Bg3 Nf3+ 28. Kd1 Raf8 29. Bxg6 Nh2 30. Rh1 Rxf2 31. Bxh2 Rxb2 0-1

[Event "WYCC 2018 G16"]
[Site "Halkidiki"]
[Date "2018.10.21"]
[Round "2"]
[White "Cotun, Mihaela"]
[Black "Nemcova, Karin"]
[Result "1/2-1/2"]
[ECO "B22"]
[WhiteElo "1482"]
[BlackElo "1888"]
[Annotator "NA"]
[PlyCount "105"]
[EventDate "2018.10.20"]
[EventType "swiss"]
[EventCountry "GRE"]
[SourceTitle "playchess.com"]
[Source "ChessBase"]
[SourceQuality "1"]
[TimeControl "40/5400+30:1800+30"]

1. e4 c5 2. c3 Nf6 3. e5 Nd5 4. d4 cxd4 5. cxd4 e6 6. a3 {[%emt 0:01:22] B22: Sicilian: 2 c3} (6. Nc3 Nxc3 7. bxc3 d6 8. f4 Qc7 9. Bd2 b6 10. Nf3 Bb7 11. Bd3 Nc6 12. O-O Be7 13. f5 exf5 14. Bxf5 dxe5 15. Ng5 Bxg5 16. Bxg5 Ne7 17. Bxe7 Qxe7 {½-½ (34) Adhiban,B (2677)-Duda,J (2707) Linares 2017}) 6... d6 7. exd6 Bxd6 8. Nf3 Nd7 9. Nc3 N7f6 $146 ({Predecessor:} 9... Nxc3 10. bxc3 Qc7 11. c4 b6 12. Bb2 Bb7 13. Bd3 O-O 14. O-O Bxf3 15. Qxf3 Bxh2+ {1-0 (42) Canal Oliveras,J (2236)-Chalmeta Ugas,R (2176) Barbera del Valles 2007}) 10. Bg5 Bf4 11. Nxd5 Bxg5 12. Nxg5 Qxd5 13. Nf3 Bd7 14. Bd3 O-O 15. O-O Bc6 16. Re1 Qh5 17. Ne5 Qxd1 18. Raxd1 Bd5 19. Rc1 Rfc8 20. f3 Kf8 21. Bb5 Ke7 22. Kf2 a6 23. Bc4 Bxc4 24. Nxc4 Nd5 25. Ne5 Rd8 26. g3 Rac8 27. Nd3 Nb6 28. Rxc8 Rxc8 29. Nc5 Rc7 30. f4 Nd7 31. Nxd7 Kxd7 32. Re2 Kd6 33. Ke3 Kd5 34. Kd3 f6 35. b3 Rc1 36. a4 Rd1+ 37. Kc3 g6 38. Re3 Rxd4 (38... b6 $17) 39. Rxe6 Rxf4 40. Re7 Rf3+ 41. Kb4 h5 42. Rxb7 Kc6 43. Rg7 g5 44. Rh7 h4 45. Rh6 hxg3 46. hxg3 Rf5 47. Rh1 a5+ 48. Kc4 $11 Rc5+ 49. Kd4 Rd5+ 50. Kc4 f5 51. Rh6+ Rd6 52. Rh5 Rg6 53. Kd4 {Kd5+} 1/2-1/2